[Event "Titled Tuesday Blitz December 27 Late 2022"]
[White "Finkelstein, Alan"]
[Black "Silvestre, Christian"]
[WhiteFideId "30950961"]
[BlackFideId "30956269"]
[WhiteElo "2152"]
[BlackElo "1942"]
[Result "0-1"]
[Round "08"]
[TimeControl "180+2"]
[Date "2022.12.27"]
[WhiteClock "0:00:03"]
[BlackClock "0:00:32"]

1. d4 Nf6 2. c4 e5 3. dxe5 Ng4 4. Bf4 g5 5. Bg3 Bg7 6. Nf3 Nc6 7. h4 Ngxe5 8. Nxg5 h6 9. Ne4 Nxc4 10. Nbc3 d6 11. e3 N4e5 12. h5 Bg4 13. Be2 Be6 14. Bh4 f6 15. Nd5 Rf8 16. f4 Nd7 17. Bg4 Bg8 18. Bf5 Ne7 19. Bxd7+ Qxd7 20. Ndxf6+ Bxf6 21. Nxf6+ Rxf6 22. Bxf6 Nd5 23. Bd4 O-O-O 24. Qf3 c5 25. Bc3 Re8 26. Bd2 Qb5 27. O-O-O Qa4 28. Kb1 Nb4 29. Bxb4 Bxa2+ 30. Kc1 cxb4 31. Rd4 Bb3 32. Kd2 Qa2 33. Rc1+ Kb8 34. Ke1 Qxb2 35. Rcd1 Qc3+ 36. R1d2 Rxe3+ 37. Kf2 Rxf3+ 38. gxf3 d5 39. R4d3 d4 40. Rxc3 dxc3 41. Rd4 a5 42. Ke3 Kc7 43. Rd5 Bxd5 0-1


[Site "https://www.chess.com"]

[Event "Titled Tuesday Blitz December 27 Late 2022"]
[White "Fiorito, Joaquin"]
[Black "Liu, Casper"]
[WhiteFideId "180173"]
[BlackFideId "1454153"]
[WhiteElo "2405"]
[BlackElo "2278"]
[Result "0-1"]
[Round "08"]
[TimeControl "180+2"]
[Date "2022.12.27"]
[WhiteClock "0:00:09"]
[BlackClock "0:00:55"]

1. d4 f5 2. Nc3 Nf6 3. Bf4 g6 4. h4 d6 5. h5 Bg7 6. h6 Bf8 7. e3 Be6 8. Nf3 Nbd7 9. Ng5 Bg8 10. d5 Ng4 11. Qd4 Nde5 12. f3 Nf6 13. Bxe5 dxe5 14. Qxe5 Qd6 15. Qd4 Qg3+ 16. Kd2 Qxg5 17. f4 Qg3 18. Be2 Rd8 19. Bf3 Qf2+ 20. Ne2 Bxd5 21. Raf1 Qxf1 22. Rxf1 Bxf3 23. Qxd8+ Kxd8 24. gxf3 Bxh6 25. Nd4 Kd7 26. c4 c6 27. Nb3 Rd8 28. Ke2 b6 29. c5 Nd5 30. Rh1 Bg7 31. Rxh7 Bxb2 32. a4 Rh8 33. Rf7 Rh2+ 34. Kd3 Rh8 35. Nd4 bxc5 36. Nb3 Ke8 0-1


[Site "https://www.chess.com"]

[Event "Titled Tuesday Blitz December 27 Late 2022"]
[White "Fisher_TheGalactic"]
[Black "Fishbein, Alexander"]
[BlackFideId "2000377"]
[WhiteElo "2477"]
[BlackElo "2366"]
[Result "0-1"]
[Round "08"]
[TimeControl "180+2"]
[Date "2022.12.27"]
[WhiteClock "0:00:33"]
[BlackClock "0:00:35"]

1. Nf3 d5 2. g3 c6 3. Bg2 Bg4 4. O-O e6 5. d3 Nf6 6. Nbd2 Be7 7. e4 O-O 8. h3 Bxf3 9. Qxf3 Nbd7 10. Qe2 dxe4 11. dxe4 e5 12. Nc4 b5 13. Ne3 Bc5 14. Nf5 g6 15. Nh4 Nh5 16. Bh6 Re8 17. Qf3 Qf6 18. Qxf6 Ndxf6 19. Kh2 Rad8 20. Bf3 Ng7 21. Kg2 Ne6 22. Rad1 Nd4 23. c3 Nxf3 24. Nxf3 Nxe4 25. Rxd8 Rxd8 26. Nxe5 g5 27. Nf3 f6 28. h4 g4 29. Nd4 Bxd4 30. cxd4 Rxd4 31. Be3 Rc4 32. Rd1 Kf7 33. Rd7+ Kg6 34. Rxa7 Rc2 35. b3 b4 36. a3 bxa3 37. Rxa3 h5 38. Ra6 Kf5 39. b4 Kg6 40. Bc5 Nxc5 41. Rxc6 Nd3 42. Rxc2 Ne1+ 43. Kf1 Nxc2 44. b5 Nd4 45. b6 Nc6 46. Ke2 Kf5 47. Kd3 Ke5 48. b7 Kd5 49. Ke3 Ke5 50. Kd3 f5 51. Kc4 Na5+ 52. Kd3 Nxb7 53. Ke3 Nd6 54. Ke2 f4 55. Kf1 fxg3 56. fxg3 Nf5 57. Kg2 Ke4 58. Kh2 Kf3 0-1


[Site "https://www.chess.com"]

[Event "Titled Tuesday Blitz December 27 Late 2022"]
[White "Gahan, M G"]
[Black "Janaszak, Dawid"]
[WhiteFideId "5027373"]
[BlackFideId "1119206"]
[WhiteElo "2247"]
[BlackElo "2316"]
[Result "0-1"]
[Round "08"]
[TimeControl "180+2"]
[Date "2022.12.27"]
[WhiteClock "0:00:16"]
[BlackClock "0:00:08"]

1. e4 e5 2. Nf3 Nc6 3. d4 exd4 4. Nxd4 Nf6 5. Nc3 Bb4 6. Nxc6 bxc6 7. Bd3 d5 8. exd5 Bg4 9. f3 Bh5 10. dxc6 Qd4 11. Qe2+ Kf8 12. Be3 Bxc3+ 13. bxc3 Qxc3+ 14. Kf2 Re8 15. Qd2 Qxc6 16. Qb4+ Kg8 17. Bxa7 Nd5 18. Qb5 Qa8 19. Bd4 Rb8 20. Qc5 Nf4 21. Be4 Qa4 22. Rhe1 Ne6 23. Qxh5 Qxd4+ 24. Kf1 g5 25. Rad1 Qc4+ 26. Kg1 Qc5+ 27. Kh1 Nf4 28. Qh6 Ng6 29. Bxg6 hxg6 30. Qxh8+ Kxh8 31. Re2 Rb2 32. Rc1 Rxa2 33. h3 Qa3 34. Rd1 Qc3 35. Rd3 Ra1+ 36. Kh2 Qf6 37. Re4 Qc6 38. c4 Rc1 39. Rdd4 Rc2 40. Rg4 Qf6 41. Rde4 Qd6+ 42. Kg1 Qd1+ 43. Kh2 Qd2 44. Re5 f6 45. Re7 c5 46. Ree4 f5 47. Re8+ Kg7 48. Rg3 Qf4 49. Re7+ Kf6 50. Rd7 Ke6 51. Rd1 g4 52. fxg4 fxg4 53. Re1+ Kd7 54. Rd1+ Kc7 55. Rd3 gxh3 56. Kxh3 Qf5+ 57. Kh2 Qh5+ 58. Rh3 Qg5 59. Rdg3 Qf4 60. Rh7+ Kc6 61. Rg7 Qh4+ 62. Rh3 Qf4+ 63. Rg3 Qh6+ 64. Rh3 Qxg7 65. Rg3 Qe5 66. Kh3 Qxg3+ 67. Kxg3 Rxc4 68. Kf3 Rd4 0-1


[Site "https://www.chess.com"]

[Event "Titled Tuesday Blitz December 27 Late 2022"]
[White "Garcia, Gabriel Gonzaga"]
[Black "Kaganskiy, Gleb"]
[WhiteFideId "2138956"]
[BlackFideId "4132025"]
[WhiteElo "2091"]
[BlackElo "2205"]
[Result "0-1"]
[Round "08"]
[TimeControl "180+2"]
[Date "2022.12.27"]
[WhiteClock "0:00:45"]
[BlackClock "0:01:42"]

1. e4 c5 2. Nf3 d6 3. d4 cxd4 4. Qxd4 Nf6 5. Bb5+ Bd7 6. c4 Nc6 7. Bxc6 bxc6 8. Nc3 g6 9. e5 dxe5 10. Nxe5 Bg7 11. O-O O-O 12. Rd1 Ng4 13. Qxd7 Nxe5 14. Qb7 Qb6 15. Qxe7 Nxc4 16. Qe4 Nxb2 17. Bxb2 Qxb2 18. Ne2 Rfe8 0-1


[Site "https://www.chess.com"]

[Event "Titled Tuesday Blitz December 27 Late 2022"]
[White "Gerbelli Neto, Eduardo"]
[Black "Preotu, Razvan"]
[WhiteFideId "2103281"]
[BlackFideId "2613280"]
[WhiteElo "2114"]
[BlackElo "2475"]
[Result "0-1"]
[Round "08"]
[TimeControl "180+2"]
[Date "2022.12.27"]
[WhiteClock "0:00:09"]
[BlackClock "0:00:34"]

1. e4 c5 2. Nc3 d6 3. f4 g6 4. Nf3 Bg7 5. Bb5+ Bd7 6. Bc4 Nc6 7. O-O e6 8. d3 Nge7 9. Qe1 O-O 10. Bb3 Na5 11. Bd2 b5 12. Nd1 Nec6 13. c3 Nxb3 14. axb3 a5 15. Ne3 f5 16. exf5 gxf5 17. Kh1 d5 18. Nc2 a4 19. bxa4 bxa4 20. d4 Qb6 21. dxc5 Qxc5 22. Be3 Qb5 23. Rb1 Qd3 24. Ncd4 Na5 25. Ne5 Bxe5 26. fxe5 Kh8 27. Bg5 Nc4 28. Bf6+ Rxf6 29. exf6 e5 30. Rd1 Qe4 31. Qxe4 fxe4 32. Nf5 Bxf5 33. Rxf5 Ne3 34. Rff1 Kg8 35. Rde1 Nxf1 36. Rxf1 a3 37. bxa3 Rxa3 38. Rc1 e3 39. Kg1 d4 40. cxd4 exd4 41. Rd1 d3 0-1


[Site "https://www.chess.com"]

[Event "Titled Tuesday Blitz December 27 Late 2022"]
[White "Guevara Sanchez, Erick Marvin"]
[Black "Foisor, Sabina-Francesca"]
[WhiteFideId "6700136"]
[BlackFideId "1212915"]
[WhiteElo "2073"]
[BlackElo "2185"]
[Result "0-1"]
[Round "08"]
[TimeControl "180+2"]
[Date "2022.12.27"]
[WhiteClock "0:01:49"]
[BlackClock "0:01:51"]

1. e4 c6 2. d4 d5 3. exd5 cxd5 4. c4 Nf6 5. Nc3 g6 6. Nf3 Bg7 7. Bd3 O-O 8. c5 Bg4 9. h3 Bxf3 10. Qxf3 Nc6 11. Be3 e5 12. Ne2 e4 13. Bxe4 Nxe4 14. O-O Qf6 15. Qg4 Rad8 16. f3 h5 17. Bg5 Qxg5 18. Qxg5 Nxg5 19. h4 Ne6 20. Rad1 Nexd4 21. Nxd4 Bxd4+ 22. Kh1 Bxc5 23. Rb1 d4 24. Rbc1 Bb6 25. Rfd1 d3 26. a3 d2 27. Rc2 Be3 28. Rc3 Bh6 29. b4 a6 30. Kg1 Rfe8 31. Kf2 Rd4 32. Rc5 Rxh4 33. g3 Rh2+ 34. Kg1 Rhe2 0-1


[Site "https://www.chess.com"]

[Event "Titled Tuesday Blitz December 27 Late 2022"]
[White "Gurevich, Dmitry"]
[Black "Floresvillar Gonzalez, Luis Migu"]
[WhiteFideId "2000407"]
[BlackFideId "5100542"]
[WhiteElo "2393"]
[BlackElo "2043"]
[Result "1-0"]
[Round "08"]
[TimeControl "180+2"]
[Date "2022.12.27"]
[WhiteClock "0:00:05"]
[BlackClock "0:00:03"]

1. d4 e6 2. c4 d5 3. Nc3 Nf6 4. Bg5 Be7 5. e3 c6 6. Rc1 Nbd7 7. Nf3 O-O 8. Qc2 Re8 9. a3 a5 10. h3 Nf8 11. Bd3 dxc4 12. Bxc4 Nd5 13. Bxe7 Qxe7 14. Ne4 Ng6 15. O-O e5 16. Ng3 exd4 17. exd4 Be6 18. Rfe1 Rad8 19. Bf1 Qc7 20. Qc5 h6 21. b4 axb4 22. axb4 Qb6 23. Qxb6 Nxb6 24. b5 Bd5 25. bxc6 Bxc6 26. Ne5 Nxe5 27. dxe5 Rd5 28. f4 Red8 29. Nf5 Kf8 30. Rb1 Na4 31. Ne3 Rd2 32. Nc4 R2d4 33. Nd6 Rxf4 34. Nxb7 Rd2 35. Nd6 Rff2 36. Ne4 Bxe4 37. Rxe4 Nc3 38. Rb8+ Ke7 39. Rc4 Ke6 40. Rxc3 Kxe5 41. Rf3 Rxf3 42. gxf3 Ra2 43. Rb4 Ra3 44. Kf2 f5 45. f4+ Kf6 46. h4 g5 47. Rb6+ Kg7 48. hxg5 hxg5 49. fxg5 Ra2+ 50. Be2 Ra4 51. Kg3 f4+ 52. Kg4 Re4 53. Bf3 Rd4 54. Kf5 Rd3 55. Rb7+ Kf8 56. Kxf4 Rd4+ 57. Be4 Ra4 58. g6 Kg8 59. Ke5 Ra5+ 60. Bd5+ Kh8 61. g7+ Kh7 62. g8=Q+ Kh6 63. Rh7# 1-0


[Site "https://www.chess.com"]

[Event "Titled Tuesday Blitz December 27 Late 2022"]
[White "Harish, Neeraj"]
[Black "Desideri, Ricardo Maruchi"]
[WhiteFideId "30958130"]
[BlackFideId "2110440"]
[WhiteElo "2232"]
[BlackElo "1959"]
[Result "1/2-1/2"]
[Round "08"]
[TimeControl "180+2"]
[Date "2022.12.27"]
[WhiteClock "0:00:18"]
[BlackClock "0:00:14"]

1. e4 c5 2. Nf3 d6 3. d4 cxd4 4. Nxd4 Nf6 5. Nc3 a6 6. Be3 e6 7. g4 b5 8. g5 Nfd7 9. a3 Bb7 10. Qd2 Nb6 11. O-O-O N8d7 12. h4 Rc8 13. f3 Ne5 14. h5 Be7 15. Rg1 Nec4 16. Bxc4 Nxc4 17. Qd3 Nxe3 18. Qxe3 O-O 19. Kb1 Qb6 20. g6 fxg6 21. hxg6 h6 22. Rh1 Bg5 23. Qd3 b4 24. axb4 Qxb4 25. Nxe6 Bf6 26. Nd4 Rc4 27. Nb3 Bxc3 28. bxc3 Rxc3 29. Qxd6 Rxb3+ 30. cxb3 Qxb3+ 31. Ka1 Qc3+ 32. Kb1 Qb3+ 33. Ka1 Qa4+ 34. Kb1 Qb3+ 1/2-1/2


[Site "https://www.chess.com"]

[Event "Titled Tuesday Blitz December 27 Late 2022"]
[White "Hernandez Jimenez, Alexander Andres"]
[Black "White, John S."]
[WhiteFideId "3900452"]
[BlackFideId "2502348"]
[WhiteElo "2134"]
[BlackElo "2235"]
[Result "1-0"]
[Round "08"]
[TimeControl "180+2"]
[Date "2022.12.27"]
[WhiteClock "0:01:05"]
[BlackClock "0:00:05"]

1. e4 e6 2. d4 d5 3. e5 c5 4. c3 Nc6 5. Nf3 Qb6 6. a3 Bd7 7. b4 cxd4 8. cxd4 Nge7 9. Be3 Nf5 10. Nc3 Nxe3 11. fxe3 Be7 12. Bd3 h6 13. O-O O-O 14. Na4 Qd8 15. Nc5 b6 16. Nxd7 Qxd7 17. Rc1 Rac8 18. Bb5 Qb7 19. Qa4 Nb8 20. Nd2 a6 21. Bd3 b5 22. Qb3 Nd7 23. Bb1 Nb6 24. Qd3 g6 25. Rxc8 Rxc8 26. Nb3 Bf8 27. Nc5 Bxc5 28. bxc5 Nc4 29. h4 Qe7 30. h5 Qg5 31. hxg6 fxg6 32. Qxg6+ Qxg6 33. Bxg6 Nxe3 34. Rf3 Nc4 35. Bf7+ Kg7 36. Bxe6 Rd8 37. c6 Nb6 38. c7 Re8 39. Bh3 a5 40. Rc3 Nc8 41. Rc5 b4 42. axb4 axb4 43. Rxd5 Kf8 44. Rd8 Nb6 45. c8=Q Nxc8 46. Rxe8+ Kxe8 47. Bxc8 b3 48. Bf5 b2 49. Kf2 h5 50. Ke3 h4 51. Kd2 h3 52. gxh3 Ke7 53. Kc2 b1=N 54. Kxb1 1-0


[Site "https://www.chess.com"]

[Event "Titled Tuesday Blitz December 27 Late 2022"]
[White "Holt, Conrad"]
[Black "Melkumyan, Hrant"]
[WhiteFideId "2034387"]
[BlackFideId "13302485"]
[WhiteElo "2540"]
[BlackElo "2645"]
[Result "1-0"]
[Round "08"]
[TimeControl "180+2"]
[Date "2022.12.27"]
[WhiteClock "0:00:38"]
[BlackClock "0:00:05"]

1. d4 Nf6 2. c4 g6 3. Nc3 Bg7 4. e4 d6 5. Nf3 O-O 6. h3 c5 7. d5 e6 8. Bd3 exd5 9. cxd5 b6 10. O-O Ba6 11. Bf4 Bxd3 12. Qxd3 a6 13. a4 Ra7 14. Rfe1 Re7 15. Nd2 Ne8 16. Nc4 f6 17. Qg3 Rd7 18. h4 Qe7 19. Nxb6 Rd8 20. Nc4 Rf7 21. Ra3 Bf8 22. Rb3 Qc7 23. a5 Nd7 24. h5 g5 25. Na4 h6 26. Bd2 Ng7 27. Qh3 f5 28. exf5 Nxf5 29. Nab6 Nd4 30. Rd3 Nf6 31. Bc3 Kg7 32. Bxd4 cxd4 33. Rxd4 Kg8 34. Rd3 Bg7 35. Rde3 Rdf8 36. Qe6 Nxh5 37. g3 Kh8 38. R1e2 Rf6 39. Qg4 Qf7 40. Re7 Qg6 41. R7e6 Qb1+ 42. Kg2 Nf4+ 43. gxf4 Rxf4 44. Qg3 Rh4 45. Re1 Qf5 46. Nxd6 Qc2 47. Re8 Rxe8 48. Rxe8+ Kh7 49. Re7 h5 50. Rxg7+ 1-0


[Site "https://www.chess.com"]

[Event "Titled Tuesday Blitz December 27 Late 2022"]
[White "Joubert, Dantelle"]
[Black "Jenkins, Drake"]
[WhiteFideId "14310813"]
[BlackFideId "2022397"]
[WhiteElo "1566"]
[BlackElo "2130"]
[Result "0-1"]
[Round "08"]
[TimeControl "180+2"]
[Date "2022.12.27"]
[WhiteClock "0:00:02"]
[BlackClock "0:00:36"]

1. d4 Nf6 2. c4 c5 3. d5 b5 4. cxb5 a6 5. bxa6 Bxa6 6. Nc3 g6 7. e4 Bxf1 8. Kxf1 d6 9. g3 Bg7 10. Kg2 O-O 11. Nf3 Na6 12. Re1 Nd7 13. a4 Nb4 14. Ra3 Qc7 15. Nb5 Qb7 16. b3 Rfc8 17. Nd2 Nd3 18. Re3 Nxc1 19. Qxc1 Bh6 20. f4 Rf8 21. Nc4 f5 22. Qc2 Nf6 23. exf5 Nxd5 24. Rf3 Rxf5 25. Qe4 Rb8 26. Ne3 Nxe3+ 27. Rxe3 Bf8 28. Qxb7 Rxb7 29. Nc3 d5 30. Re5 Rxe5 31. fxe5 e6 32. Nb5 c4 33. bxc4 Bxa3 34. Nxa3 Ra7 35. cxd5 Rxa4 36. Nb5 exd5 37. e6 Kf8 38. Nc7 d4 39. Nd5 d3 40. Kf2 Re4 41. e7+ Kf7 0-1


[Site "https://www.chess.com"]

[Event "Titled Tuesday Blitz December 27 Late 2022"]
[White "Kazakouski, Valery"]
[Black "Babazada, Khazar"]
[WhiteFideId "13507443"]
[BlackFideId "13413554"]
[WhiteElo "2539"]
[BlackElo "2474"]
[Result "1-0"]
[Round "08"]
[TimeControl "180+2"]
[Date "2022.12.27"]
[WhiteClock "0:00:03"]
[BlackClock "0:00:02"]

1. Nf3 Nf6 2. c4 c5 3. b3 Nc6 4. Bb2 e6 5. g3 Be7 6. Bg2 O-O 7. O-O d5 8. e3 d4 9. exd4 cxd4 10. Re1 a5 11. Na3 Nd7 12. Nb5 e5 13. d3 f6 14. a3 Kh8 15. Nd2 Nc5 16. Qc2 Bf5 17. Ne4 Ne6 18. Bc1 Bg6 19. f4 Qb8 20. fxe5 Nxe5 21. Bb2 Ra6 22. Kh1 Rd8 23. Nf2 Bc5 24. Rf1 Ng5 25. Rae1 Ngf3 26. Re2 Re8 27. Ne4 Bxe4 28. Rxe4 Ng5 29. Re2 Ne6 30. b4 axb4 31. axb4 Bxb4 32. Nxd4 Nc5 33. Rd1 Ra2 34. Qb1 Qa8 35. Nb5 Rd8 36. d4 Nxc4 37. dxc5 Rxd1+ 38. Qxd1 Nxb2 39. Qf1 Ra1 40. Re8+ Qxe8 41. Qxa1 Nd3 42. Nd6 Qb8 43. Qd4 Bxc5 44. Nf7+ Kg8 45. Qxd3 Qe8 46. Bd5 Qe1+ 47. Kg2 Kf8 48. Qc4 Qf2+ 49. Kh3 h5 50. Be6 g5 51. Nh6 1-0


[Site "https://www.chess.com"]

[Event "Titled Tuesday Blitz December 27 Late 2022"]
[White "Kleiman, Jake"]
[Black "Battlecruiser_Operational"]
[WhiteFideId "2020041"]
[WhiteElo "2399"]
[BlackElo "2417"]
[Result "1-0"]
[Round "08"]
[TimeControl "180+2"]
[Date "2022.12.27"]
[WhiteClock "0:00:14"]
[BlackClock "0:00:04"]

1. e4 c6 2. Nc3 d5 3. Nf3 b5 4. a3 dxe4 5. Nxe4 Nf6 6. Qe2 Bf5 7. d3 e6 8. g3 Nbd7 9. Bg2 Rc8 10. O-O h6 11. Nd4 Bg4 12. Qe1 Qb6 13. c3 Be7 14. h3 Bh5 15. Nf5 Nxe4 16. Nxe7 Kxe7 17. dxe4 Rhd8 18. Bf4 e5 19. Be3 Qc7 20. f4 f6 21. Qf2 Bf7 22. Rfd1 Bb3 23. Rd2 a5 24. Re1 Nf8 25. fxe5 Qxe5 26. Bd4 Qe6 27. e5 f5 28. g4 g6 29. Rf1 Bd5 30. gxf5 gxf5 31. Qxf5 Qxf5 32. Rxf5 Bxg2 33. Kxg2 c5 34. Be3 Ke6 35. Rh5 Rxd2+ 36. Bxd2 b4 37. axb4 axb4 38. Kf3 bxc3 39. Bxc3 Kd5 40. Rxh6 Ne6 41. Kg4 Rg8+ 42. Kf5 Rf8+ 43. Rf6 Rh8 44. Rxe6 Rh5+ 45. Kg4 1-0


[Site "https://www.chess.com"]

[Event "Titled Tuesday Blitz December 27 Late 2022"]
[White "Koutlas, Nikolaos"]
[Black "Garcia Cuenca, Victor"]
[WhiteFideId "25827138"]
[BlackFideId "2250829"]
[WhiteElo "2341"]
[BlackElo "2324"]
[Result "0-1"]
[Round "08"]
[TimeControl "180+2"]
[Date "2022.12.27"]
[WhiteClock "0:00:02"]
[BlackClock "0:00:19"]

1. a3 d5 2. f4 c6 3. Nf3 Nf6 4. g3 Bg4 5. Bg2 Bxf3 6. Bxf3 Nbd7 7. b4 e5 8. fxe5 Nxe5 9. Bg2 Bd6 10. O-O Qe7 11. Bb2 h5 12. Nc3 h4 13. e4 hxg3 14. hxg3 Neg4 15. Qe1 O-O-O 16. exd5 Qc7 17. Rf3 Rde8 18. Ne2 Nxd5 19. Qf1 Nh2 20. Rxf7 Nxf1 21. Rxc7+ Kxc7 22. Bxf1 Be5 23. Nd4 Nf6 24. Re1 Bxg3 25. Rxe8 Rxe8 26. Bc4 Ne4 27. d3 Nd6 28. Ne6+ Kd7 29. Nc5+ Kc8 30. Bxg7 Nxc4 31. dxc4 Re2 32. c3 Bf2+ 33. Kf1 Bxc5 34. Kxe2 Be7 35. Kd3 Kc7 36. Bd4 a6 37. a4 b5 38. cxb5 cxb5 39. a5 Kc6 40. Ke4 Bd6 41. Be5 Bf8 42. Bf4 Bg7 43. Be5 Bh6 44. Kd4 Bd2 45. Kd3 Be1 46. Bd4 Bh4 47. Bc5 Kd5 48. Bf8 Bf6 49. Bc5 Be5 50. Bd4 Bd6 51. Ke3 Be7 52. Kf3 Bxb4 53. Bb6 Bxc3 54. Ke3 Kc4 55. Ke4 Kb4 56. Kd5 Ka4 57. Kc6 Bxa5 58. Bc5 Bd2 59. Kb7 a5 60. Kb6 b4 61. Bd4 b3 62. Kc6 Bc1 63. Kb6 b2 64. Bxb2 Bxb2 0-1


[Site "https://www.chess.com"]

[Event "Titled Tuesday Blitz December 27 Late 2022"]
[White "Krasteva, Beloslava"]
[Black "Andrews, Todd"]
[WhiteFideId "2922029"]
[BlackFideId "2012456"]
[WhiteElo "2220"]
[BlackElo "2220"]
[Result "1-0"]
[Round "08"]
[TimeControl "180+2"]
[Date "2022.12.27"]
[WhiteClock "0:00:45"]
[BlackClock "0:00:58"]

1. e4 e6 2. d4 d5 3. e5 c5 4. c3 Nc6 5. Nf3 Bd7 6. Bd3 cxd4 7. O-O Qb6 8. Re1 Nge7 9. a3 Ng6 10. h4 dxc3 11. Nxc3 Na5 12. h5 Ne7 13. b4 Nc4 14. Na4 Bxa4 15. Qxa4+ Nc6 16. Bxc4 dxc4 17. Be3 Qc7 18. b5 Qa5 19. Qxc4 Nd8 20. Red1 Be7 21. Qg4 g6 22. hxg6 hxg6 23. Bg5 Bxg5 24. Qxg5 Qxb5 25. Qf6 Rf8 26. Rab1 Qc6 27. Nd4 Qc7 28. Nb5 1-0


[Site "https://www.chess.com"]

[Event "Titled Tuesday Blitz December 27 Late 2022"]
[White "Liu, Kelsey"]
[Black "Sadilek, Peter"]
[WhiteFideId "30944481"]
[BlackFideId "1616439"]
[WhiteElo "2065"]
[BlackElo "2314"]
[Result "0-1"]
[Round "08"]
[TimeControl "180+2"]
[Date "2022.12.27"]
[WhiteClock "0:00:07"]
[BlackClock "0:00:50"]

1. e4 g6 2. d4 Bg7 3. Nf3 d6 4. Bf4 c5 5. c3 cxd4 6. cxd4 Nf6 7. Nc3 O-O 8. Bc4 Bg4 9. h3 Bxf3 10. Qxf3 Nc6 11. Be3 Rc8 12. Bb3 Na5 13. O-O Nxb3 14. axb3 a6 15. e5 dxe5 16. dxe5 Nd7 17. Qxb7 Nxe5 18. Rfd1 Rb8 19. Qxa6 Qc8 20. Qa4 e6 21. Bf4 Qc5 22. Qa5 Qxa5 23. Rxa5 Nc6 24. Rc5 Rbc8 25. Rd6 Nd4 26. b4 Nf5 27. Rd2 Bd4 28. Rxc8 Rxc8 29. b5 e5 30. Bg5 Rb8 31. g4 Nd6 32. Bf6 Ne8 33. g5 h6 34. h4 Nxf6 35. gxf6 Rb6 36. Kf1 Rxf6 37. Ke1 Rb6 38. f4 Bxc3 39. bxc3 Rxb5 40. fxe5 Rxe5+ 41. Kf2 Re4 42. Kg3 Rc4 43. Rd3 f5 44. Rd6 Kf7 45. Rd7+ Ke6 46. Rg7 Rxc3+ 47. Kf4 Rc4+ 48. Kg3 Kf6 49. Rh7 Rc3+ 50. Kf4 g5+ 51. hxg5+ hxg5# 0-1


[Site "https://www.chess.com"]

[Event "Titled Tuesday Blitz December 27 Late 2022"]
[White "Lorenzo De La Riva, Lazaro"]
[Black "Ronka, Erik"]
[WhiteFideId "2268809"]
[BlackFideId "505080"]
[WhiteElo "2404"]
[BlackElo "2276"]
[Result "0-1"]
[Round "08"]
[TimeControl "180+2"]
[Date "2022.12.27"]
[WhiteClock "0:00:02"]
[BlackClock "0:00:10"]

1. b3 g6 2. Bb2 Nf6 3. Bxf6 exf6 4. c4 d5 5. cxd5 Qxd5 6. Nc3 Qa5 7. e3 c5 8. Bb5+ Bd7 9. Bxd7+ Nxd7 10. Nf3 Bg7 11. O-O O-O 12. Qc2 f5 13. Rac1 Rad8 14. Rfd1 Ne5 15. Nxe5 Bxe5 16. Ne2 b6 17. g3 Rd7 18. d3 Rfd8 19. Rd2 Qb5 20. Rcd1 Qa6 21. a4 Qb7 22. Qc4 Qf3 23. b4 h5 24. bxc5 bxc5 25. h4 Rd5 26. a5 Bc7 27. a6 Ba5 28. Ra2 Bb6 29. Rad2 Ba5 30. Ra2 Bb4 31. Rc2 Kh7 32. Kf1 f6 33. Rcc1 g5 34. hxg5 fxg5 35. Ng1 Qh1 36. Ke2 f4 37. Nf3 Qg2 38. gxf4 g4 39. Qe4+ Kg7 40. Qe7+ Kh6 41. Ne5 Rxe5 42. Qf6+ Kh7 43. fxe5 Rg8 44. Qf5+ Kh6 45. Rg1 Qc6 46. Rh1 Rg5 47. Qf8+ Kh7 48. Qf6 Qxa6 0-1


[Site "https://www.chess.com"]

[Event "Titled Tuesday Blitz December 27 Late 2022"]
[White "Marjanovic, Annamaria"]
[Black "Kobo, Ori"]
[WhiteFideId "750930"]
[BlackFideId "2812320"]
[WhiteElo "2273"]
[BlackElo "2559"]
[Result "1-0"]
[Round "08"]
[TimeControl "180+2"]
[Date "2022.12.27"]
[WhiteClock "0:00:19"]
[BlackClock "0:00:07"]

1. c4 Nf6 2. g3 g6 3. Bg2 Bg7 4. Nc3 d6 5. d3 O-O 6. Rb1 a5 7. a3 e5 8. b4 axb4 9. axb4 Nc6 10. Nf3 Bf5 11. b5 Nd4 12. Nxd4 exd4 13. Nd5 Nxd5 14. Bxd5 Qc8 15. O-O c6 16. bxc6 bxc6 17. Bg2 Re8 18. Bf4 Be5 19. Bxe5 Rxe5 20. Rb6 Ra6 21. Rxa6 Qxa6 22. Qd2 Kg7 23. Qb2 c5 24. e4 dxe3 25. f4 Bxd3 26. Re1 Qxc4 27. fxe5 d5 28. e6+ d4 29. Rxe3 fxe6 30. Qb7+ Kh6 31. Re1 Bf5 32. Qf3 d3 33. Qe3+ Kg7 34. Rc1 Qd4 35. Qxd4+ cxd4 36. Rd1 e5 37. g4 e4 38. gxf5 gxf5 39. Bf1 Kf6 40. Bxd3 exd3 41. Rxd3 Ke5 42. Kf2 Ke4 43. Rd1 f4 44. Ke2 f3+ 45. Kf2 d3 46. Rd2 h5 47. Rd1 h4 48. Rd2 h3 49. Rd1 Kd4 50. Kxf3 Kc3 51. Ke3 1-0


[Site "https://www.chess.com"]

[Event "Titled Tuesday Blitz December 27 Late 2022"]
[White "Martinez Ramirez, Lennis"]
[Black "Pakleza, Zbigniew"]
[WhiteFideId "3509079"]
[BlackFideId "1119290"]
[WhiteElo "2426"]
[BlackElo "2494"]
[Result "0-1"]
[Round "08"]
[TimeControl "180+2"]
[Date "2022.12.27"]
[WhiteClock "0:00:02"]
[BlackClock "0:00:20"]

1. c4 c6 2. d4 d5 3. Nf3 Nf6 4. e3 Bf5 5. Qb3 Qb6 6. Nc3 e6 7. c5 Qc7 8. Bd2 h6 9. Rc1 Nbd7 10. Qa4 Be7 11. b4 O-O 12. Be2 a6 13. h3 Ne4 14. Nxe4 Bxe4 15. O-O Bf6 16. Bc3 Rfe8 17. Qd1 e5 18. Nd2 Bg6 19. Bh5 Bh7 20. Re1 exd4 21. Bxd4 Ne5 22. Be2 Re6 23. Nf3 Rae8 24. a4 Be4 25. Nxe5 Bxe5 26. Bxe5 Qxe5 27. Bf3 Rg6 28. Kh1 Qf5 29. Rg1 Rf6 30. b5 Bxf3 31. Qxf3 Qxf3 32. gxf3 Rxf3 33. Kg2 Rf6 34. bxc6 bxc6 35. Rb1 Re4 36. Rb8+ Kh7 37. Ra1 Rc4 38. Rb6 a5 39. Ra2 Rxc5 40. Ra6 Kg6 41. Rb2 h5 42. h4 Kf5 43. Rb7 Kg4 44. Rb2 Kxh4 45. Ra7 Kg5 46. f4+ Kf5 47. Kf3 Ke6 48. Rg2 g6 49. Rg5 Kd6 50. Re5 Re6 51. Rxf7 Rxe5 52. fxe5+ Kxe5 53. Rg7 Kf6 54. Ra7 g5 55. Rh7 h4 56. Rc7 Rc4 57. Rc8 g4+ 58. Kf2 Ke5 59. Re8+ Kd6 60. Ke2 Rxa4 61. Rh8 h3 62. Kf2 Re4 63. Kg3 a4 0-1


[Site "https://www.chess.com"]

[Event "Titled Tuesday Blitz December 27 Late 2022"]
[White "Mekhitarian, Krikor Sevag"]
[Black "Sargsyan, Anna M."]
[WhiteFideId "2107660"]
[BlackFideId "13308130"]
[WhiteElo "2537"]
[BlackElo "2375"]
[Result "1-0"]
[Round "08"]
[TimeControl "180+2"]
[Date "2022.12.27"]
[WhiteClock "0:00:21"]
[BlackClock "0:00:05"]

1. Nf3 d5 2. c4 d4 3. b4 g5 4. h3 Bg7 5. d3 h6 6. g3 e5 7. Bg2 f5 8. O-O Ne7 9. a4 O-O 10. a5 a6 11. Nbd2 c6 12. Nb3 Nd7 13. Bb2 Ng6 14. Qc2 Qe7 15. Rfe1 Qf7 16. e3 dxe3 17. Rxe3 f4 18. Ree1 fxg3 19. fxg3 Re8 20. Rf1 Qe7 21. Rae1 Qxb4 22. Kh2 Ndf8 23. Bc3 Qd6 24. Nbd2 Bf5 25. Ne4 Bxe4 26. Rxe4 Rad8 27. Re3 Ne6 28. Nd2 Nd4 29. Qb2 Qd7 30. Ne4 Rf8 31. Ree1 Qc7 32. Nc5 Rxf1 33. Rxf1 Rb8 34. Rb1 Qf7 35. Nxa6 Ra8 36. Nc5 Re8 37. Qxb7 Qf2 38. Rf1 Nf3+ 39. Kh1 Qxg3 40. Rxf3 Qh4 41. Qf7+ Kh7 42. Qxe8 Nf4 43. Qf7 1-0


[Site "https://www.chess.com"]

[Event "Titled Tuesday Blitz December 27 Late 2022"]
[White "Mitrovic, Darko R"]
[Black "Balague Camps, Marc"]
[WhiteFideId "927023"]
[BlackFideId "2297914"]
[WhiteElo "2220"]
[BlackElo "2190"]
[Result "0-1"]
[Round "08"]
[TimeControl "180+2"]
[Date "2022.12.27"]
[WhiteClock "0:00:25"]
[BlackClock "0:00:58"]

1. d4 Nf6 2. Nf3 e6 3. g3 d5 4. Bg2 Be7 5. O-O O-O 6. c4 a6 7. b3 Nbd7 8. Nc3 Rb8 9. Qc2 dxc4 10. bxc4 c5 11. d5 exd5 12. Nxd5 Nxd5 13. cxd5 Nf6 14. e4 Re8 15. Bf4 Ra8 16. Rad1 Bg4 17. Rfe1 Qa5 18. h3 Bh5 19. g4 Bg6 20. Ne5 Rad8 21. Nxg6 hxg6 22. Re3 g5 23. Bg3 Nd7 24. e5 b5 25. e6 fxe6 26. Rxe6 Nf8 0-1


[Site "https://www.chess.com"]